 Dungeon Crawl Stone Soup version 0.28-a0-1117-g0bdd5ba030 (webtiles) character file.

Game seed: 17827159377678346623

81 SensoryNuts the Slasher (level 4, -1/33 HPs)
             Began as a Demonspawn Gladiator on Dec 11, 2021.
             Slain by an orc wizard (2 damage)
             ... on level 3 of the Dungeon.
             The game lasted 00:01:39 (1845 turns).

SensoryNuts the Slasher (Demonspawn Gladiator)      Turns: 1845, Time: 00:01:40

Health: -1/33      AC:  4    Str: 16    XL:     4   Next: 20%
Magic:  4/4        EV: 12    Int: 10    God:
Gold:   84         SH:  0    Dex: 14    Spells: 3/3 levels left

rFire   . . .      SeeInvis .   j - +1 short sword (flame)
rCold   . . .      Faith    .   (no shield)
rNeg    . . .      Spirit   .   b - +0 leather armour
rPois   .          Reflect  .   (helmet restricted)
rElec   .          Harm     .   (no cloak)
rCorr   .          Rampage  .   (no gloves)
Will    .....                   (no boots)
Stlth   +.........              (no amulet)
HPRegen 0.11/turn               (no ring)
MPRegen 0.09/turn               (no ring)

@: brilliant, hasted, very quick
A: horns 1, powered by death 1, sharp scales 1
a: no special abilities


You were on level 3 of the Dungeon.
You visited 1 branch of the dungeon, and saw 3 of its levels.

You collected 84 gold pieces.

Inventory:

Hand Weapons
 a - a +0 long sword
 j - a +1 short sword of flaming (weapon)
Missiles
 d - 3 throwing nets (quivered)
Armour
 b - a +0 leather armour (worn)
 c - a +0 helmet
Jewellery
 m - an amulet of guardian spirit
Scrolls
 e - a scroll of identify
 g - a scroll of brand weapon
 h - a scroll of teleportation {unknown}
 i - a scroll of immolation {unknown}
 l - a scroll of vulnerability {unknown}
Potions
 k - a potion of brilliance


   Skills:
 + Level 2.2 Fighting
 + Level 0.6(2.3) Short Blades
 + Level 3.7 Long Blades
 + Level 1.8 Throwing
 + Level 1.2 Armour
 + Level 3.1 Dodging


You had 3 spell levels left.
You didn't know any spells.
Your spell library was empty.

Dungeon Overview and Level Annotations

Branches:
Dungeon (3/15)

Altars:
Elyvilon


Innate Abilities, Weirdness & Mutations

You have a pair of small horns on your head.
You regenerate a little health from kills.
You are partially covered in razor-sharp scales. (AC +1, Slay +1)


Message History

You hear some strange, mumbled words.
Something tries to affect you, but you resist.
The jackal misses you.
You bump into the rock wall.
The jackal misses you.
You hear some strange, mumbled words.
A magic dart appears from out of thin air!
The magic dart hits you.
You hit the jackal but do no damage. Your headbutt misses the jackal.
The jackal misses you. Something hits you but does no damage.
The jackal bites you but does no damage.
You bump into the rock wall.
You hear some strange, mumbled words.
A magic dart appears from out of thin air!
The magic dart hits you!
* * * LOW HITPOINT WARNING * * *
The jackal bites you but does no damage.
You bump into the rock wall.
The jackal bites you but does no damage.
Something hits you.
* * * LOW HITPOINT WARNING * * *
You're too confused to move!
You feel less confused. The jackal closely misses you.
You hear some strange, mumbled words.
A magic dart appears from out of thin air!
The magic dart hits you.
* * * LOW HITPOINT WARNING * * *
The jackal bites you but does no damage.
It was a potion of haste.
You feel yourself speed up. Something hits you.
* * * LOW HITPOINT WARNING * * *
The jackal misses you. Something hits you.
* * * LOW HITPOINT WARNING * * *
There is an open door here.
As you read the scroll labelled KALORANYVU, it crumbles to dust.
It is a scroll of identify.
g - a scroll of brand weapon The jackal bites you but does no damage.
Something hits you.
You die...

########........#
#......####### ####
........# #............#
...#
........###............#
##.#
######.............†...#
#.####
#.................#
##....#
##......#.........#
......#
#......#.........#
......#
#......#.........#
......#
##@#####.........#
......# #{h# #.........#
........ ##o#
#.........# .........
#or# #.........#
.........# ##.#
#.........# .........#
.. #####... ... .. ....
.....


You could see 2 orcs, a jackal and a rat.

Vanquished Creatures
  A hound (D:3)
  A worm (D:2)
  A dart slug (D:1)
  An orc (D:3)
  3 endoplasms
  4 goblins
  3 hobgoblins
  6 jackals
  4 kobolds
  A quokka (D:2)
  7 ball pythons
  5 bats
  A frilled lizard (D:2)
  4 rats
42 creatures vanquished.

Notes
Turn   | Place    | Note
-------+----------+-------------------------------------------
     0 | D:1      | SensoryNuts the Demonspawn Gladiator began the quest for
                  | the Orb.
     0 | D:1      | Reached XP level 1. HP: 16/16 MP: 1/1
   233 | D:1      | Gained mutation: You regenerate a little health from kills.
                  | [demonic ancestry]
   233 | D:1      | Reached XP level 2. HP: 22/22 MP: 2/2
  1094 | D:2      | Found a faded altar of an unknown god.
  1165 | D:2      | Gained mutation: You have a pair of small horns on your
                  | head. [demonic ancestry]
  1165 | D:2      | Reached XP level 3. HP: 20/27 MP: 3/3
  1650 | D:3      | Reached skill level 1 in Armour
  1650 | D:3      | Gained mutation: You are partially covered in razor-sharp
                  | scales. (AC +1, Slay +1) [demonic ancestry]
  1650 | D:3      | Reached XP level 4. HP: 29/33 MP: 4/4
  1844 | D:3      | HP: 1/33 [something (2)]
  1845 | D:3      | Slain by an orc wizard

Illustrated notes

Levels and vault maps discovered:
D:1:      dpeg_arrival_pits, layout_loops_corners
D:2:      layout_rooms, basic_altar, shapermc_ecumenical_altar_gd
D:3:      layout_basic, mainiacjoe_overflow_alcove_1,
          mainiacjoe_overflow_tiny_flanked, lemuel_crystal_altar

Skill      XL: |  1  2  3 |
---------------+----------+-----
Long Blades    | 3 |  3.7
Dodging        | 3 |  3.1
Armour         | 1 |  1.2
Fighting       | |  2.2
Short Blades   | |  0.6
Throwing       | |  1.8

Action                   |  1- 3 |  4- 6 || total
-------------------------+-------+-------++-------
Melee: Long sword        |    72 |       ||    72
       Short sword       |    24 |    22 ||    46
       Headbutt          |     5 |     4 ||     9
  Use: Potion            |       |     3 ||     3
       Scroll            |       |     1 ||     1
 Stab: Sleeping          |     1 |       ||     1
Armor: Leather armour    |    31 |    14 ||    45
Dodge: Dodged            |    94 |    14 ||   108

Table legend: (Time is in decaauts)
 A = Elapsed time spent in this place.
 B = Non-inter-level travel time spent in this place.
 C = Inter-level travel time spent in this place.
 D = Time resting spent in this place.
 E = Time spent auto-exploring this place.
 F = Levels seen in this place.
 G = Mean time per level.
                   A        B        C        D        E       F      G
               +--------+--------+--------+--------+--------+-----+--------+
         Total |   1861 |   1861 |      0 |      0 |   1526 |   3 |  620.3 |
       Dungeon |   1861 |   1861 |      0 |      0 |   1526 |   3 |  620.3 |
               +--------+--------+--------+--------+--------+-----+--------+

Top non-repeatable levels by time:
     D:1: 1036 daAuts
     D:2: 588 daAuts
     D:3: 235 daAuts
